 Dungeon Crawl Stone Soup version 0.17-a0-2014-g32cd421 (webtiles) character file.

1800 vatarom the Magician (level 8, -3/46 HPs)
             Began as a Deep Elf Fire Elementalist on Oct 9, 2015.
             Was a Believer of Vehumet.
             Shot with a sling bullet by Joseph (11 damage)
             ... on level 6 of the Dungeon.
             The game lasted 00:19:44 (6861 turns).

vatarom the Magician (Deep Elf Fire Elementalist)   Turns: 6861, Time: 00:19:44

Health: -3/46      AC:  4    Str:  7    XL:     8   Next: 83%
Magic:  15/21      EV: 16    Int: 21    God:    Vehumet [**....]
Gold:   176        SH:  0    Dex: 17    Spells: 7 memorised, 2 levels left

rFire  . . .     SeeInvis +     d - +2 dagger (speed)
rCold  . . .     Clarity  .     a - +0 robe
rNeg   . . .     SustAt   .     (no shield)
rPois  .         Gourm    .     (no helmet)
rElec  .         Spirit   .     e - +1 cloak
rCorr  .         Warding  .     (no gloves)
rMut   .         Stasis   .     (no boots)
MR     .....                    (no amulet)
Stlth  +++.......               (no ring)
                                t - ring of see invisible

@: not resistant to hostile enchantments, fairly stealthy
A: claws 1, thin skeletal structure 1, blurry vision 1, MP-powered wands
a: Renounce Religion


You were on level 6 of the Dungeon.
You worshipped Vehumet.
Vehumet was pleased with you.
You were not hungry.

You visited 2 branches of the dungeon, and saw 8 of its levels.

You collected 176 gold pieces.

Inventory:

Hand Weapons
 d - a +2 dagger of speed (weapon)
Armour
 a - a +0 robe (worn)
 e - a +1 cloak (worn)
 o - a +0 buckler
Jewellery
 t - a ring of see invisible (left claw)
Wands
 g - a wand of fire (0)
 m - a wand of digging (24)
Scrolls
 c - a scroll of remove curse
 i - 9 scrolls of identify
Potions
 j - 2 potions of brilliance
 p - a potion of haste
 s - a potion of agility
Books
 b - a book of Flames

   Spells                             Type                      Level
   a - Flame Tongue                   Conjuration/Fire             1
   b - Throw Flame                    Conjuration/Fire             2
   c - Conjure Flame                  Conjuration/Fire             3
   d - Inner Flame                    Hexes/Fire                   3
   e - Sticky Flame                   Conjuration/Fire             4
   f - Fireball                       Conjuration/Fire             5
Comestibles
 h - a beef jerky
 k - a royal jelly
 l - 2 fruits
 r - a bread ration


   Skills:
 - Level 3.1 Fighting
 + Level 6.3 Dodging
 - Level 2.4 Stealth
 - Level 7.9 Spellcasting
 * Level 5.7 Conjurations
 + Level 6.8 Fire Magic


You had 2 spell levels left.
You knew the following spells:

 Your Spells              Type           Power        Failure   Level  Hunger
a - Flame Tongue          Conj/Fire      ####.        1%          1    None
b - Throw Flame           Conj/Fire      ####..       1%          2    None
c - Conjure Flame         Conj/Fire      ####....     1%          3    None
d - Inner Flame           Hex/Fire       ###.....     10%         3    None
e - Sticky Flame          Conj/Fire      ####....     8%          4    ###....
f - Fireball              Conj/Fire      ####......   21%         5    #####..
g - Throw Frost           Conj/Ice       ###...       4%          2    None


Dungeon Overview and Level Annotations

Branches:
Dungeon (7/15)             Temple (1/1) D:5

Altars:
Ashenzari
Cheibriados
Dithmenos
Elyvilon
Fedhas
Makhleb
Nemelex Xobeh
Okawaru
Qazlal
Ru
Sif Muna
Trog
Vehumet
Xom
Zin

Shops:
D:6 (

Annotations:
D:6 Joseph


Innate Abilities, Weirdness & Mutations

You have sharp fingernails.
You have a somewhat thin skeletal structure (Dex +2, Stealth).
Scrolls take you a little longer to read.
You expend magic power (3 MP) to strengthen your wands.


Message History

Aim: Joseph, wielding a quarterstaff and wearing a leather armour (lightly wounded, covered in liquid flames)
The flame tongue hits Joseph.
Joseph is moderately wounded.
Joseph burns!
Joseph hits you with an uncursed quarterstaff!!
The orc hits you but does no damage.
Casting: Flame Tongue
Confirm with . or Enter, or press ? or * to list all spells.
Aiming: Flame Tongue
Press: ? - help, Shift-Dir - straight line, f/p - Joseph
Aim: Joseph, wielding a quarterstaff and wearing a leather armour (moderately wounded, covered in liquid flames)
The flame tongue misses Joseph.
Joseph burns!
Joseph hits you with an uncursed quarterstaff!
* * * LOW HITPOINT WARNING * * *
The orc closely misses you.
Joseph burns!
Joseph unwields an uncursed quarterstaff.
Joseph wields an uncursed hunting sling.
Joseph shoots a sling bullet.
The sling bullet hits you!
You die...

#...## ##.##..##
##################..###.###.##
....ยง............#.#.#.##
#.####
.###############(#.##.##
#....# ## #(#.##.# ###.#.#
#(#.##.# #.._..#
###########@#.##.# #.#.###
#.........o...#..# #...#
#......>...@##.#.#####.##
###########)..###((.)..#
#.##.#.####### #.###.## #.#
#.# #.# #.# #.# #.# #.# #.#
#<# #.#


You could see Joseph (burning) and an orc.

Vanquished Creatures
  3 ogres
  An orc warrior (D:6)
  A phantom (D:5)
  An ice beast (D:5)
  A sky beast (D:6)
  2 centaurs
  Blork the orc (D:4)
  3 giant frogs (D:6)
  A scorpion (D:4)
  4 crimson imps
  A jelly (D:6)
  3 orc wizards (D:4)
  A hound (D:5)
  An iguana (D:4)
  Ijyb (D:3)
  Jessica (D:3)
  A centaur skeleton (D:4)
  2 worker ants
  A hound zombie (D:5)
  3 hound skeletons
  4 gnolls
  5 adders
  A shadow imp (D:6)
  An ooze (D:2)
  2 worms
  22 orcs
  A ball python (D:6)
  8 hobgoblins
  6 jackals
  6 quokkas
  10 bats
  5 giant cockroaches
  5 giant geckos
  A giant gecko skeleton (D:4)
  5 giant newts
  9 goblins
  7 kobolds
  4 rats
135 creatures vanquished.

Vanquished Creatures (others)
  A worker ant (D:4)
  A plant (D:3)
2 creatures vanquished.

Grand Total: 137 creatures vanquished

Notes
Turn   | Place    | Note
--------------------------------------------------------------
     0 | D:1      | vatarom the Deep Elf Fire Elementalist began the quest for the Orb.
     0 | D:1      | Reached XP level 1. HP: 10/10 MP: 6/6
   116 | D:1      | Reached skill level 1 in Fighting
   288 | D:1      | Reached XP level 2. HP: 10/16 MP: 5/8
   389 | D:1      | Learned a level 2 spell: Throw Flame
   814 | D:2      | Reached XP level 3. HP: 18/21 MP: 9/9
   819 | D:2      | Learned a level 3 spell: Conjure Flame
   972 | D:2      | Found a sacrificial altar of Ru.
  1021 | D:2      | Found a shadowy altar of Dithmenos.
  1021 | D:2      | Found a glowing silver altar of Zin.
  1021 | D:2      | Found a radiant altar of Vehumet.
  1062 | D:2      | Became a worshipper of Vehumet
  1806 | D:3      | Noticed Jessica
  1812 | D:3      | Killed Jessica
  1812 | D:3      | Reached XP level 4. HP: 27/27 MP: 4/10
  1899 | D:3      | Noticed Ijyb
  1916 | D:3      | Killed Ijyb
  2115 | D:3      | Noticed an orc warrior
  2296 | D:3      | Acquired Vehumet's first power
  2296 | D:3      | Offered knowledge of Shock by Vehumet.
  2770 | D:3      | Found a sparkling altar of Nemelex Xobeh.
  2867 | D:3      | Learned a level 3 spell: Inner Flame
  2877 | D:3      | Reached XP level 5. HP: 32/32 MP: 11/11
  3259 | D:4      | Reached skill level 4 in Spellcasting
  3434 | D:4      | Found an iron altar of Okawaru.
  3497 | D:4      | Reached XP level 6. HP: 26/37 MP: 10/14
  3626 | D:4      | Found a deep blue altar of Sif Muna.
  3731 | D:4      | Learned a level 4 spell: Sticky Flame
  3801 | D:4      | Noticed Blork the orc
  3817 | D:4      | Killed Blork the orc
  3817 | D:4      | Reached skill level 5 in Spellcasting
  4155 | D:5      | Entered Level 5 of the Dungeon
  4213 | D:5      | Reached XP level 7. HP: 33/41 MP: 1/17
  4350 | D:5      | Reached skill level 6 in Spellcasting
  4350 | D:5      | Reached skill level 5 in Fire Magic
  4473 | D:5      | Found a staircase to the Ecumenical Temple.
  4490 | Temple   | Entered the Ecumenical Temple
  4814 | D:5      | Reached skill level 7 in Spellcasting
  4885 | D:5      | Offered knowledge of Throw Frost by Vehumet.
  5229 | D:5      | Reached skill level 5 in Dodging
  5229 | D:5      | Reached XP level 8. HP: 19/46 MP: 12/21
  5236 | D:5      | Learned a level 5 spell: Fireball
  5792 | D:6      | Found a shattered altar of Ashenzari.
  5799 | D:6      | Found Tulary's Weapon Emporium.
  6255 | D:6      | Reached skill level 5 in Conjurations
  6259 | D:6      | Gained mutation: Scrolls take you a little longer to read. [mutagenic meat]
  6261 | D:6      | Gained mutation: You have sharp fingernails. [mutagenic meat]
  6262 | D:6      | Gained mutation: You have a somewhat thin skeletal structure (Dex +2, Stealth). [mutagenic meat]
  6263 | D:6      | Gained mutation: You expend magic power (3 MP) to strengthen your wands. [mutagenic meat]
  6441 | D:6      | Found a burning altar of Makhleb.
  6441 | D:6      | Found a shimmering altar of Xom.
  6634 | D:6      | Learned a level 2 spell: Throw Frost
  6676 | D:7      | Noticed Joseph
  6861 | D:6      | Shot with a sling bullet by Joseph

Vault maps used:
D:1:      zelgadis_glass_arrival_small
D:2:      gammafunk_temple_overflow_claw, hangedman_ru_absence
D:3:      corexii_shack_village, nemelex_deck, first_bread, uniq_jessica,
          uniq_iyjb
D:4:      lemuel_doored_altar, kennysheep_mini_moat, minmay_vboxes,
          uniq_blork_the_orc
D:5:      minmay_temple_entry_overgrown
D:6:      grunt_temple_overflow_champion_of_chaos, serial_shops, shop_fountains,
          st_stairs_10, ashenzari_altar_1
D:7:      lemuel_bear_cage, kiku_gazebo_garden_becter, serial_glass,
          glass_columns_a, glass_columns_c, grunt_livestock, uniq_joseph
Temple:   circular_temple_6

Action                   |  1- 3 |  4- 6 |  7- 9 || total
-------------------------+-------+-------+-------++-------
Melee: Unarmed           |    11 |       |       ||    11
       Dagger            |    47 |    67 |   180 ||   294
       Long sword        |       |       |    34 ||    34
 Cast: Flame Tongue      |    62 |    74 |    89 ||   225
       Throw Flame       |     6 |     9 |    11 ||    26
       Conjure Flame     |     1 |     2 |     9 ||    12
       Sticky Flame      |       |     3 |    12 ||    15
       Fireball          |       |       |     2 ||     2
Evoke: Wand              |       |       |     2 ||     2
  Use: Scroll            |     6 |     5 |     3 ||    14
       Potion            |     8 |     3 |     1 ||    12
 Stab: Sleeping          |     3 |     2 |       ||     5
  Eat: Bread ration      |     1 |     2 |       ||     3
       Fruit             |       |     1 |     1 ||     2
       Meat ration       |       |       |     2 ||     2
       Chunk             |       |       |     5 ||     5
